 Dungeon Crawl Stone Soup version 0.20.1-1-g8b1a95d66d (webtiles) character file.

233578 NullDivider the Unseen (level 19, -10/132 HPs)
             Began as an Octopode Artificer on Nov 25, 2017.
             Was an Elder of Nemelex Xobeh.
             Mangled by a salamander
             ... wielding a +0 trident
              (21 damage)
             ... on level 2 of the Snake Pit on Nov 28, 2017.
             The game lasted 09:29:32 (48906 turns).

NullDivider the Unseen (Octopode Artificer)        Turns: 48906, Time: 09:29:33

Health: -10/132    AC:  7    Str: 11    XL:     19   Next: 57%
Magic:  28/28      EV: 34    Int: 23    God:    Nemelex Xobeh [****..]
Gold:   310        SH: 26    Dex: 29    Spells: 18/18 levels left

rFire    x . .     SeeInvis .   t - +10 dagger of Gallantry {pierce, rElec rF- MR+ Int+4}
rCold    . . .     Gourm    .   f - +9 shield "Qasoduoc" {rC- Dex+7 Slay+5}
rNeg     . . .     Faith    .   (helmet restricted)
rPois    +         Spirit   .   g - amulet of Ojul {Reflect rC+ SH+3}
rElec    +         Reflect  +   s - ring of stealth
rCorr    .         Harm     .   u - +6 ring of protection
MR       +++..                  d - ring "Moatarur" {rPois Int+3 Dex-4 Slay+2}
Stlth    ++++++++++             S - +4 ring of evasion
Regen    0.4/turn               F - +6 ring of slaying
MPRegen  0.3/turn               U - +5 ring of dexterity
                                j - ring of protection from magic
                                B - ring "Goton" {Int+3 Stlth+}

@: no status effects
A: almost no armour, stealthy swim, amphibious, 8 rings, constrict 8, camouflage
1, gelatinous body 1
}: 1/15 runes: barnacled
a: Triple Draw, Deal Four, Renounce Religion


You were on level 2 of the Snake Pit.
You worshipped Nemelex Xobeh.
Nemelex Xobeh was greatly pleased with you.
You were hungry.

You visited 7 branches of the dungeon, and saw 33 of its levels.
You visited 1 bazaar.
You also visited: Bailey.

You collected 3071 gold pieces.
You spent 2761 gold pieces at shops.

Inventory:

Hand Weapons
 b - a +8 dagger of electrocution
 t - the +10 dagger of Gallantry (weapon) {pierce, rElec rF- MR+ Int+4}
   (You found it on level 4 of the Shoals)

   It inflicts extra damage upon your enemies.
   It affects your intelligence (+4).
   It makes you vulnerable to fire.
   It insulates you from electricity.
   It affects your resistance to hostile enchantments.
Armour
 f - the +9 shield "Qasoduoc" (worn) {rC- Dex+7 Slay+5}
   (You took it off an orc in a bailey)

   It affects your dexterity (+7).
   It affects your accuracy and damage with ranged weapons and melee attacks
   (+5).
   It makes you vulnerable to cold.
Jewellery
 d - the ring "Moatarur" (on tentacle) {rPois Int+3 Dex-4 Slay+2}
   (You bought it in a shop on level 2 of the Orcish Mines)

   [ring of poison resistance]

   It affects your intelligence (+3).
   It affects your dexterity (-4).
   It affects your accuracy and damage with ranged weapons and melee attacks
   (+2).
   It protects you from poison.
 e - an uncursed amulet of harm
 g - the amulet of Ojul (around mantle) {Reflect rC+ SH+3}
   (You bought it in a shop on level 2 of the Orcish Mines)

   [amulet of reflection]

   It shields you and reflects attacks.
   It protects you from cold.
   It affects your SH (+3).
 j - a ring of protection from magic (on tentacle)
 s - a ring of stealth (left tentacle)
 u - a +6 ring of protection (right tentacle)
 A - an uncursed amulet of guardian spirit {unknown}
 B - the ring "Goton" (on tentacle) {Int+3 Stlth+}
   (You bought it in a shop in a bazaar)

   [ring of stealth]

   It affects your intelligence (+3).
   It makes you more stealthy.
 F - a +6 ring of slaying (on tentacle)
 G - an uncursed ring of protection from cold
 S - a +4 ring of evasion (on tentacle)
 U - a +5 ring of dexterity (on tentacle)
Wands
 c - a wand of confusion (17/48)
 i - a wand of lightning (8/15)
 I - a wand of paralysis (12/24)
 W - a wand of disintegration (11/24)
Scrolls
 p - 3 scrolls of blinking
 x - 19 scrolls of teleportation
 D - 6 scrolls of fear
 H - 3 scrolls of fog
 K - 3 scrolls of magic mapping
Potions
 a - 7 potions of might
 l - 6 potions of curing
 m - a potion of invisibility
 r - 2 potions of resistance
 z - 5 potions of haste
 P - 4 potions of cancellation
Miscellaneous
 h - a plain deck of destruction
 k - a lamp of fire (inert)
 q - a plain deck of summoning
 w - a plain deck of destruction {the Storm, left: 3}
 y - a lightning rod (2/4)
 J - an ornate deck of escape {Velocity, left: 4}
 Y - a plain deck of summoning
 Z - a fan of gales (inert)
Comestibles
 o - 2 bread rations
 L - 8 royal jellies


   Skills:
 + Level 12.5 Fighting
 + Level 13.8 Short Blades
 + Level 14.2 Dodging
 + Level 19.7 Stealth
 - Level 15.0 Shields
 - Level 11.0 Invocations
 + Level 13.1 Evocations


You had 18 spell levels left.
You didn't know any spells.

Dungeon Overview and Level Annotations

Branches:
Dungeon (15/15)            Temple (1/1) D:5            Lair (6/6) D:8
 Shoals (4/4) Lair:4        Snake (3/4) Lair:3        Slime (0/5) Lair:6
    Orc (2/2) D:10            Elf (0/3) Orc:2        Vaults (0/5) D:13
 Depths (2/5) D:15

Altars:
Ashenzari
Cheibriados
Dithmenos
Elyvilon
Fedhas
Gozag
Hepliaklqana
Kikubaaqudgha
Makhleb
Nemelex Xobeh
Okawaru
Qazlal
Ru
Sif Muna
Trog
Uskayaw
Vehumet
Xom
Yredelemnul
Zin
The Shining One
Beogh

Shops:
D:8 (   D:11 [   Orc:2 *=:*   Shoals:4 ==   Snake:2 (   Depths:1 }

Portals:
Hell: Depths:1
Abyss: Depths:2


Innate Abilities, Weirdness & Mutations

You cannot wear most types of armour.
You are very stealthy in the water. (Stealth+)
You are amphibious.
You can wear up to eight rings at the same time.
You can use your tentacles to constrict eight enemies at once.
Your skin changes colour to match your surroundings (Stealth+).
Your rubbery body absorbs attacks. (AC +1, EV +1)


Message History

You climb upwards.
There is a stone staircase leading down here.
You closely miss the black mamba. You grab the black mamba.
You squeeze the black mamba!
You kill the black mamba!
You see here a black mamba corpse.
You start resting.
You are feeling hungry.
Okay, then.
You start resting.
A black mamba comes into view.
A black mamba is nearby!
A salamander comes into view. It is wielding a trident.
A naga comes into view. It is wielding a trident.
The naga moves out of view.
The salamander hits you with a trident!
* * * LOW HITPOINT WARNING * * *
You are engulfed in flames!!
The fire burns you terribly!
You die...
Your body glows slightly and disappears.

..###.###......####....#.....##
#.###..##.####N##......#......#
...###.##.# ##..).######......#
#.).......###..#### #......#
#.####..........########.##.#####
#.# ##.#.#......##..S##........#
#.## ##.#.............##........#
...# #.....####.N##...#.........#
...###..###...#^@.........#.....#
........# #.)....##.......#.....#
##.####.###....#.##...#.........#
....#...##....#..##...#####..####
.#.......#....#.....)..###...#
.##.#........##.......###....#
.............##......####....#
......######.....>..###......#
......### ##....†..# #[####.#


You could see a salamander and a naga (wandering).

Vanquished Creatures
  A kraken (Shoals:1)
  A nagaraja (Snake:2)
  A frost giant (Depths:1)
  Ilsuiw (Shoals:4)
  3 very ugly things (Depths:1)
  A stone giant (Depths:1)
  6 merfolk javelineers
  2 ettins
  2 fire dragons
  9 merfolk impalers
  3 ogre magi
  Josephine (Lair:4)
  A great orb of eyes (Depths:1)
  2 yaktaur captains (Depths:1)
  3 rakshasas
  4 merfolk avatars
  2 ice dragons
  4 centaur warriors
  3 naga warriors (Snake:2)
  7 hydras
  5 merfolk aquamancers (Shoals:4)
  9 anacondas
  A death knight (D:12)
  5 alligator snapping turtles
  A satyr (Shoals:4)
  4 deep troll shamans (Depths:1)
  12 two-headed ogres
  A tengu warrior (Depths:1)
  9 shock serpents
  7 naga sharpshooters
  5 deep troll earth magi (Depths:1)
  5 orc high priests
  3 iron trolls (Depths:1)
  Nergalle (Lair:2)
  6 skeletal warriors
  8 deep trolls (Depths:1)
  An unseen horror (D:10)
  A golden dragon zombie (D:15)
  A swamp dragon (Lair:6)
  20 sea snakes
  A flayed ghost (D:15)
  2 naga ritualists (Snake:1)
  Pikel (D:4)
  23 harpies
  8 orc knights
  A shambling mangrove (Lair:6)
  A necromancer (D:15)
  A phantasmal warrior (D:12)
  A deep elf mage (D:13)
  23 ugly things
  6 mana vipers
  15 manticores
  9 fauns
  6 oklob plants (Lair:6)
  12 salamanders
  6 cyclopes
  A frost giant zombie (D:15)
  5 guardian serpents
  41 black mambas
  7 elephants
  12 merfolk sirens
  2 centaur zombies
  4 water nymphs
  13 spiny frogs
  A gargoyle (D:13)
  4 naga magi
  3 rime drakes
  A spark wasp simulacrum (Depths:2)
  11 yaktaurs (Depths:1)
  An efreet (D:15)
  4 komodo dragons
  A freezing wraith (D:12)
  2 tengu conjurers
  A komodo dragon (shapeshifter) (D:15)
  11 trolls
  2 polar bears
  31 merfolk
  A queen bee (Lair:6)
  2 hornets
  Prince Ribbit (D:7)
  A harpy zombie (D:15)
  8 meliai
  43 yaks
  The ghost of flt the Changer, an amateur MfTm (D:4)
  26 slime creatures
  8 blink frogs
  9 wind drakes
  A meliai zombie (D:14)
  12 snapping turtles
  3 dream sheep (Shoals:1)
  18 hippogriffs
  A centaur simulacrum (D:15)
  Sigmund (D:3)
  6 wraiths
  11 spriggans
  7 water elementals
  4 wyverns
  15 humans (D:13)
  Eustachio (D:4)
  A basilisk (Lair:6)
  5 steam dragons
  2 vampire mosquitoes (D:13)
  A soldier ant (shapeshifter) (Depths:1)
  4 wargs
  A tengu zombie (D:15)
  A human zombie (D:15)
  20 nagas
  A soldier ant (D:13)
  2 acid dragons
  13 water moccasins
  8 porcupines
  3 ice beasts
  3 phantoms
  47 orc warriors
  3 sky beasts
  2 swamp drakes (Lair:6)
  An eye of draining (D:11)
  A necrophage (D:7)
  9 ogres
  16 centaurs
  9 wolves (Lair:1)
  15 crocodiles
  4 big kobolds
  A wyvern zombie (D:7)
  18 bullfrogs
  Dowan (D:6)
  5 scorpions
  A water moccasin skeleton (D:5)
  11 killer bees
  4 howler monkeys
  7 wights
  An electric eel (Lair:4)
  6 crimson imps
  5 centaur skeletons
  A quasit (D:10)
  34 orc priests
  5 hounds
  5 jellies
  2 iguanas
  22 orc wizards
  11 worker ants
  A killer bee zombie (D:13)
  3 hound zombies
  2 hound skeletons
  A worker ant zombie (D:11)
  5 gnolls
  10 adders
  5 shadow imps
  5 oozes
  2 dart slugs (D:1)
  5 leopard geckos
  109 orcs
  4 ball pythons
  9 giant cockroaches
  10 goblins
  12 hobgoblins
  20 jackals
  5 quokkas
  7 bats
  6 frilled lizards
  25 kobolds
  5 rats
  A bush (Shoals:1)
  3 plants
  A tentacle (Shoals:4)
  2 withered plants (D:15)
1186 creatures vanquished.

Vanquished Creatures (collateral kills)
  2 merfolk impalers (Shoals:4)
  An orc high priest (Orc:2)
  A harpy (Shoals:4)
  An oklob plant (Lair:6)
  A faun (Shoals:2)
  A manticore (Shoals:4)
  Maurice (D:8)
  2 black mambas
  A spiny frog (Lair:3)
  A komodo dragon (Lair:6)
  A merfolk (Shoals:3)
  A blink frog (Lair:6)
  2 hippogriffs
  6 yaks
  A basilisk (Lair:4)
  An acid dragon (Lair:6)
  Duvessa (D:6)
  2 water moccasins (Lair:6)
  2 ice beasts
  2 orc warriors
  2 ogres
  A crocodile (Lair:6)
  4 orc priests
  8 orcs
  A jackal zombie (D:8)
  A plant (Lair:4)
48 creatures vanquished.

Vanquished Creatures (others)
  2 centaur warriors
  2 satyrs (Shoals:4)
  A deep troll earth mage (Depths:1)
  A naga sharpshooter (Snake:1)
  A wizard (D:7)
  An orc knight (Orc:1)
  A manticore (Shoals:3)
  A human (D:13)
  3 yaks (D:10)
  4 orc warriors
  An ice beast (D:15)
  2 centaurs
  An adder (D:4)
  A ball lightning (Depths:1)
  An orc (Bailey)
  A kobold (D:10)
  3 fungi
  10 plants
  8 tentacles
  2 withered plants (D:15)
47 creatures vanquished.

Grand Total: 1281 creatures vanquished

Notes
Turn   | Place    | Note
-------+----------+-------------------------------------------
     0 | D:1      | NullDivider the Octopode Artificer began the quest for the Orb.
     0 | D:1      | Reached XP level 1. HP: 13/13 MP: 3/3
   427 | D:1      | Reached XP level 2. HP: 18/18 MP: 4/4
   479 | D:1      | Reached skill level 2 in Stealth
   713 | D:1      | Reached XP level 3. HP: 23/23 MP: 5/5
   840 | D:1      | Reached skill level 3 in Stealth
  1523 | D:2      | Reached XP level 4. HP: 18/28 MP: 6/6
  2398 | D:2      | Reached skill level 4 in Stealth
  2623 | D:2      | Reached XP level 5. HP: 34/34 MP: 7/7
  3309 | D:3      | Noticed Sigmund
  3314 | D:3      | Killed Sigmund
  3314 | D:3      | Reached skill level 5 in Stealth
  3314 | D:3      | Reached XP level 6. HP: 40/40 MP: 7/9
  3316 | D:3      | Found a shimmering altar of Xom.
  3615 | D:4      | Noticed Eustachio
  3622 | D:4      | Killed Eustachio
  3714 | D:4      | Reached XP level 7. HP: 43/45 MP: 10/10
  3890 | D:4      | Reached skill level 6 in Stealth
  3952 | D:4      | Noticed flt's ghost (amateur MfTm)
  4020 | D:4      | Found a glowing golden altar of the Shining One.
  4027 | D:4      | Found a snail-covered altar of Cheibriados.
  4285 | D:4      | Found a shattered altar of Ashenzari.
  4294 | D:4      | Found a basalt altar of Yredelemnul.
  4349 | D:4      | Found a deep blue altar of Sif Muna.
  4423 | D:4      | Reached skill level 5 in Evocations
  4757 | D:4      | Killed flt's ghost
  4757 | D:4      | Reached skill level 7 in Stealth
  4757 | D:4      | Reached XP level 8. HP: 52/52 MP: 10/12
  4799 | D:4      | Noticed Pikel
  4853 | D:4      | Killed Pikel
  4853 | D:4      | Reached skill level 8 in Stealth
  5031 | D:5      | Entered Level 5 of the Dungeon
  5420 | D:5      | Found an iron altar of Okawaru.
  5541 | D:5      | Found a glowing silver altar of Zin.
  5687 | D:5      | Found a staircase to the Ecumenical Temple.
  5693 | Temple   | Entered the Ecumenical Temple
  6266 | D:6      | Reached skill level 9 in Stealth
  6330 | D:6      | Noticed Dowan
  6391 | D:6      | Found a sparkling altar of Nemelex Xobeh.
  6425 | D:6      | Became a worshipper of Nemelex Xobeh the Trickster
  6438 | D:6      | Received a gift from Nemelex Xobeh
  6499 | D:6      | Reached XP level 9. HP: 59/59 MP: 13/13
  6837 | D:6      | Reached skill level 5 in Dodging
  7194 | D:6      | Killed Dowan
  7207 | D:6      | Noticed Duvessa
  7217 | D:6      | Killed Duvessa
  7368 | D:6      | Found a hazy altar of Hepliaklqana.
  7642 | D:7      | Reached * piety under Nemelex Xobeh
  7642 | D:7      | Received a gift from Nemelex Xobeh
  7712 | D:7      | Found a bloodstained altar of Trog.
  8088 | D:7      | Found a bloodstained altar of Trog.
  8091 | D:7      | Noticed a wizard
  8097 | D:7      | Killed a wizard
  8371 | D:7      | Noticed Prince Ribbit
  8378 | D:7      | Killed Prince Ribbit
  8378 | D:7      | Reached skill level 5 in Fighting
  8378 | D:7      | Reached skill level 5 in Short Blades
  8807 | D:8      | Reached skill level 10 in Stealth
  8836 | D:8      | Found a staircase to the Lair.
  8886 | D:8      | Noticed Maurice
  8898 | D:8      | Paralysed by something for 2 turns
  8906 | D:8      | Found Enoczes's Antique Weapon Shoppe.
  8917 | D:8      | Paralysed by something for 5 turns
  8926 | D:8      | Paralysed by Maurice for 5 turns
  8933 | D:8      | Paralysed by Maurice for 5 turns
  9350 | D:8      | Reached XP level 10. HP: 54/68 MP: 15/15
  9496 | D:8      | Received a gift from Nemelex Xobeh
  9531 | D:8      | Noticed a two-headed ogre
  9535 | D:8      | Killed a two-headed ogre
  9538 | D:8      | Reached skill level 11 in Stealth
  9994 | D:8      | Found an opulent altar of Gozag.
 10310 | D:8      | Killed Maurice
 11009 | D:9      | Found a sacrificial altar of Ru.
 11073 | D:9      | Reached ** piety under Nemelex Xobeh
 11077 | D:9      | Reached XP level 11. HP: 75/75 MP: 17/17
 11148 | D:9      | Reached skill level 12 in Stealth
 11227 | D:9      | Found a flagged portal.
 11245 | Bailey   | Entered a bailey
 11283 | Bailey   | Received a gift from Nemelex Xobeh
 11366 | Bailey   | Reached skill level 1 in Invocations
 11498 | Bailey   | Noticed an orc knight
 11692 | Bailey   | Killed an orc knight
 11796 | Bailey   | Got a scorched shield
 11808 | Bailey   | Identified the +9 shield "Qasoduoc" {rC- Dex+7 Slay+5} (You took it off an orc in a bailey)
 11830 | Bailey   | Noticed an orc knight
 11855 | Bailey   | Killed an orc knight
 12206 | D:9      | Noticed a dagger
 12207 | D:9      | Noticed a hand axe
 12210 | D:9      | Found a hide-covered altar of Uskayaw.
 12700 | D:10     | Entered Level 10 of the Dungeon
 13058 | D:10     | Received a gift from Nemelex Xobeh
 13276 | D:10     | Noticed a two-headed ogre
 13281 | D:10     | Killed a two-headed ogre
 13635 | D:10     | Received a gift from Nemelex Xobeh
 13639 | D:10     | Reached *** piety under Nemelex Xobeh
 13671 | D:10     | Killed an unseen horror
 13997 | D:10     | Reached skill level 1 in Shields
 14124 | D:10     | Reached skill level 5 in Invocations
 14273 | D:10     | Found a staircase to the Orcish Mines.
 14375 | Lair:1   | Entered Level 1 of the Lair of Beasts
 14407 | Lair:1   | Reached XP level 12. HP: 82/82 MP: 19/19
 14526 | Lair:1   | Received a gift from Nemelex Xobeh
 14563 | Lair:1   | Reached skill level 13 in Stealth
 15093 | Lair:2   | Received a gift from Nemelex Xobeh
 15315 | Lair:2   | Noticed Nergalle
 15319 | Lair:2   | Received a gift from Nemelex Xobeh
 15321 | Lair:2   | Killed Nergalle
 15370 | Lair:2   | Reached **** piety under Nemelex Xobeh
 15793 | Lair:2   | Received a gift from Nemelex Xobeh
 16155 | Lair:3   | Reached skill level 10 in Evocations
 16435 | Lair:3   | Received a gift from Nemelex Xobeh
 16489 | Lair:3   | Noticed an eight-headed hydra
 16497 | Lair:3   | Killed an eight-headed hydra
 16497 | Lair:3   | Reached skill level 5 in Shields
 16542 | Lair:3   | Found a staircase to the Snake Pit.
 16954 | Lair:3   | Reached XP level 13. HP: 88/88 MP: 20/20
 17526 | Lair:4   | Reached ***** piety under Nemelex Xobeh
 17551 | Lair:4   | Received a gift from Nemelex Xobeh
 17823 | Lair:4   | Noticed Josephine
 17829 | Lair:4   | Killed Josephine
 17829 | Lair:4   | Reached skill level 14 in Stealth
 17864 | Lair:4   | Received a gift from Nemelex Xobeh
 18055 | Lair:4   | Found a staircase to the Shoals.
 18837 | Lair:5   | Received a gift from Nemelex Xobeh
 19240 | Lair:5   | Received a gift from Nemelex Xobeh
 19261 | Lair:5   | Found a bloodstained altar of Trog.
 20085 | Lair:6   | Entered Level 6 of the Lair of Beasts
 20296 | Lair:6   | Found a dark tunnel.
 20702 | Lair:6   | Received a gift from Nemelex Xobeh
 20702 | Lair:6   | Received a gift from Nemelex Xobeh
 20712 | Lair:6   | Found a staircase to the Slime Pits.
 20718 | Lair:6   | Reached skill level 10 in Invocations
 20720 | Lair:6   | Reached XP level 14. HP: 94/94 MP: 21/21
 21469 | Lair:6   | Reached skill level 10 in Dodging
 21487 | Lair:6   | Reached skill level 15 in Stealth
 23371 | Lair:6   | Identified Vek Boass's Tome of the Entourage and the Snowflakes
 23853 | Orc:1    | Entered Level 1 of the Orcish Mines
 24655 | Orc:2    | Entered Level 2 of the Orcish Mines
 24800 | Orc:2    | Found a staircase to the Elven Halls.
 24842 | Orc:2    | Found a roughly hewn altar of Beogh.
 24858 | Orc:2    | Received a gift from Nemelex Xobeh
 25493 | Orc:2    | Reached skill level 10 in Short Blades
 25496 | Orc:2    | HP: 1/94 [orc priest/divine providence (14)]
 26433 | Orc:2    | Received a gift from Nemelex Xobeh
 26643 | Orc:2    | Found Jubed's Assorted Antiques.
 26646 | Orc:2    | Found Ufrezid's Book Shoppe.
 26647 | Orc:2    | Found Taray's Assorted Antiques.
 26648 | Orc:2    | Found Anluohen's Jewellery Emporium.
 27086 | Orc:2    | Bought the amulet of Ojul {Reflect rC+ SH+3} for 415 gold pieces
 27087 | Orc:2    | Bought a scroll of identify for 58 gold pieces
 27087 | Orc:2    | Bought a potion of heal wounds for 145 gold pieces
 27087 | Orc:2    | Bought a scroll of enchant weapon for 217 gold pieces
 27100 | Orc:2    | Bought 3 scrolls of identify for 222 gold pieces
 27678 | Shoals:1 | Entered Level 1 of the Shoals
 27695 | Shoals:1 | Reached skill level 10 in Shields
 27855 | Shoals:1 | Reached XP level 15. HP: 76/99 MP: 23/23
 28048 | Shoals:1 | Received a gift from Nemelex Xobeh
 28704 | Shoals:1 | Noticed a kraken
 28714 | Shoals:1 | Killed a kraken
 29654 | Shoals:1 | Reached skill level 16 in Stealth
 30334 | Shoals:2 | Received a gift from Nemelex Xobeh
 31864 | Shoals:3 | Reached XP level 16. HP: 108/108 MP: 24/24
 31876 | Shoals:3 | Received a gift from Nemelex Xobeh
 32130 | Shoals:3 | Received a gift from Nemelex Xobeh
 33443 | Shoals:4 | Entered Level 4 of the Shoals
 33443 | Shoals:4 | Found Fosiebur's Jewellery Boutique.
 33443 | Shoals:4 | Received a gift from Nemelex Xobeh
 33475 | Shoals:4 | Found Kyuzumeu's Jewellery Shop.
 33493 | Shoals:4 | Found a flickering gateway to a bazaar.
 33503 | Bazaar   | Entered a bazaar
 33505 | Bazaar   | Found Cirompa's Antique Armour Boutique.
 33509 | Bazaar   | Found Koiwk's Magic Scroll Boutique.
 33509 | Bazaar   | Found Feesh's Distillery.
 33510 | Bazaar   | Found Jaudgh's General Store.
 33552 | Bazaar   | Bought a scroll of recharging for 133 gold pieces
 33552 | Bazaar   | Bought a scroll of recharging for 133 gold pieces
 33567 | Bazaar   | Bought the ring "Goton" {Int+3 Stlth+} for 369 gold pieces
 33572 | Bazaar   | Bought a scroll of remove curse for 42 gold pieces
 33572 | Bazaar   | Bought a scroll of teleportation for 42 gold pieces
 33572 | Bazaar   | Bought a scroll of magic mapping for 49 gold pieces
 33572 | Bazaar   | Bought a scroll of fear for 49 gold pieces
 33572 | Bazaar   | Bought a scroll of identify for 28 gold pieces
 33572 | Bazaar   | Bought a scroll of teleportation for 42 gold pieces
 33578 | Bazaar   | Bought a potion of cancellation for 96 gold pieces
 33578 | Bazaar   | Bought a meat ration for 60 gold pieces
 33583 | Bazaar   | Bought a glowing shield for 195 gold pieces
 34073 | Shoals:4 | Got a fine bardiche
 34138 | Shoals:4 | Noticed Ilsuiw
 34148 | Shoals:4 | Reached skill level 17 in Stealth
 34175 | Shoals:4 | Killed Ilsuiw
 34530 | Shoals:4 | Reached skill level 10 in Fighting
 34820 | Shoals:4 | Got a barnacled rune of Zot
 35323 | Shoals:4 | Noticed a kraken
 35329 | Shoals:4 | a kraken changed into an alligator snapping turtle
 35372 | Shoals:4 | Reached XP level 17. HP: 113/115 MP: 25/25
 35382 | Shoals:4 | Received a gift from Nemelex Xobeh
 35979 | Shoals:4 | Got a faintly glowing dagger
 36195 | Shoals:4 | Identified the +10 dagger of Gallantry {pierce, rElec rF- MR+ Int+4} (You found it on level 4 of the Shoals)
 36201 | Shoals:4 | Identified the +5 bardiche of a treasure trove {drain, rN+} (You found it on level 4 of the Shoals)
 36971 | D:11     | Found a white marble altar of Elyvilon.
 37172 | D:11     | Found Yhexuruo's Armour Emporium.
 37397 | D:12     | Received a gift from Nemelex Xobeh
 37611 | D:12     | Received a gift from Nemelex Xobeh
 37992 | D:12     | Received a gift from Nemelex Xobeh
 38223 | D:13     | Found a gate to the Vaults.
 38859 | D:13     | Reached skill level 18 in Stealth
 39401 | D:14     | Received a gift from Nemelex Xobeh
 40062 | D:15     | Entered Level 15 of the Dungeon
 40169 | D:15     | Received a gift from Nemelex Xobeh
 40866 | D:15     | Got a spiked buckler
 40877 | D:15     | Identified the +1 buckler "Umigigy" {rPois Regen+ Int+10 Dex-4} (You took it off a meliai on level 15 of the Dungeon)
 41250 | D:15     | Found a staircase to the Depths.
 41300 | D:15     | Reached XP level 18. HP: 59/124 MP: 26/26
 41561 | D:15     | Received a gift from Nemelex Xobeh
 41677 | Depths:1 | Entered Level 1 of the Depths
 42422 | Depths:1 | Reached skill level 15 in Shields
 43117 | Depths:1 | Found Lammelaoju's Quality Used Wands.
 43821 | Depths:1 | Reached skill level 19 in Stealth
 44123 | Depths:1 | Found a gateway to Hell.
 44883 | Depths:2 | Found a one-way gate to the infinite horrors of the Abyss.
 45205 | Orc:2    | Bought the ring "Moatarur" {rPois Int+3 Dex-4 Slay+2} for 466 gold pieces
 45473 | Snake:1  | Entered Level 1 of the Snake Pit
 45948 | Snake:1  | Received a gift from Nemelex Xobeh
 46058 | Snake:1  | Reached XP level 19. HP: 131/131 MP: 28/28
 47091 | Snake:2  | Found Tuqem's Antique Weapon Boutique.
 47551 | Snake:2  | Received a gift from Nemelex Xobeh
 48906 | Snake:2  | Mangled by a salamander

Skill      XL: |  1  2  3  4  5  6  7  8  9 10 11 12 13 14 15 16 17 18 19 |
---------------+----------------------------------------------------------+-----
Stealth        | 2 3 4 5 7 9 10 11 12 13 14 15 16 17 18 19 | 19.7
Short Blades   | 2 3 4 5 6 8 9 10 11 12 13 | 13.8
Fighting       | 2 3 4 5 7 8 9 10 11 12 | 12.5
Dodging        | 3 4 6 7 8 9 10 11 12 13 14 | 14.2
Evocations     | 4 5 6 7 8 9 10 11 12 13 | 13.1
Invocations    | 5 7 10 11 | 11.0
Shields        | 1 5 7 10 12 13 14 15 | 15.0

Action                   |  1- 3 |  4- 6 |  7- 9 | 10-12 | 13-15 | 16-18 | 19-21 || total
-------------------------+-------+-------+-------+-------+-------+-------+-------++-------
Melee: Short sword       |    13 |       |       |       |       |       |       ||    13
       Constrict         |    21 |    27 |    30 |    75 |   129 |   166 |    33 ||   481
       Dagger            |    66 |    98 |   241 |   495 |   804 |  1171 |   212 ||  3087
       Tentacles         |    10 |    20 |    59 |   122 |   258 |   429 |    74 ||   972
       Unarmed           |       |       |       |       |     1 |       |       ||     1
Invok: Triple Draw       |       |       |       |       |     9 |     1 |       ||    10
       Deal Four         |       |       |       |       |     3 |     2 |       ||     5
       Stack Five        |       |       |       |       |       |     4 |       ||     4
Evoke: Wand              |       |     5 |    19 |    14 |    44 |    28 |     1 ||   111
       Deck              |       |       |     5 |    18 |    17 |    13 |     3 ||    56
       Lamp of fire      |       |       |       |       |     2 |     1 |     1 ||     4
       Lightning rod     |       |       |       |       |     4 |     8 |     2 ||    14
       Fan of gales      |       |       |       |       |       |     1 |     1 ||     2
  Use: Scroll            |       |       |    10 |     6 |    14 |     8 |     3 ||    41
       Potion            |       |       |     1 |       |     6 |     4 |     1 ||    12
 Stab: Sleeping          |     9 |     6 |    22 |    36 |    47 |    76 |    24 ||   220
       Distracted        |       |     1 |     2 |     6 |    21 |    27 |     6 ||    63
       Confused          |       |       |       |     1 |     2 |     6 |       ||     9
       Paralysed         |       |       |       |       |     2 |       |       ||     2
       Petrifying        |       |       |       |       |       |     1 |       ||     1
  Eat: Chunk             |     2 |     7 |    17 |    24 |    40 |    44 |     7 ||   141
       Royal jelly       |       |       |       |       |     3 |       |     1 ||     4
Armor: Skin              |     4 |     9 |    46 |    40 |    14 |    19 |     1 ||   133
Dodge: Dodged            |    34 |    43 |   111 |   232 |   194 |   348 |    74 ||  1036
Block: Shield            |       |       |       |    81 |   454 |   856 |   179 ||  1570
       Reflection        |       |       |       |       |    36 |    73 |    27 ||   136
